 Dungeon Crawl Stone Soup version 0.17-a0-968-gf8e1f1d (webtiles) character file.

1 Gorice the Cudgeler (level 1, 0/12 HPs)
             Began as a Tengu Wanderer on May 9, 2015.
             Slain by a hobgoblin (5 damage)
             ... on level 1 of the Dungeon.
             The game lasted 00:01:28 (81 turns).

Gorice the Cudgeler (Tengu Wanderer)                  Turns: 81, Time: 00:01:29

Health: 0/12       AC:  2    Str: 12    XL:     1   Next: 20%
Magic:  2/2        EV: 12    Int: 11    God:
Gold:   0          SH:  0    Dex: 14    Spells: 0 memorised, 0 levels left

rFire  . . .     SeeInvis .     a - +2 mace
rCold  . . .     Clarity  .     e - +0 robe
rNeg   . . .     SustAb   .     (no shield)
rPois  .         Gourm    .     (helmet restricted)
rElec  .         Spirit   .     (no cloak)
rCorr  .         Warding  .     (no gloves)
rMut   .         Stasis   .     (boots unavailable)
MR     .....                    (no amulet)
Stlth  +.........               (no ring)
                                (no ring)

@: not resistant to hostile enchantments, very unstealthy
A: beak, talons 3
a: no special abilities


You were on level 1 of the Dungeon.
You were not hungry.

You visited 1 branch of the dungeon, and saw 1 of its levels.

Inventory:

Hand weapons
 a - a +2 mace (weapon)
 b - a +0 blowgun
 d - a +0 spear
Missiles
 c - 14 poisoned needles
 h - 19 sling bullets
Armour
 e - a +0 robe (worn)
Comestibles
 f - 2 bread rations {!e}
 g - 2 chunks of flesh


   Skills:
 - Level 2.0 Fighting
 * Level 2.3 Maces & Flails
 - Level 1.1 Throwing
 - Level 2.1 Armour
 - Level 2.1 Dodging
   Level 1.0 Evocations


You couldn't memorise any spells.
You didn't know any spells.

Dungeon Overview and Level Annotations

Branches:
Dungeon (1/15)

Altars:


Innate Abilities, Weirdness & Mutations

You have a beak for a mouth.
You have claws for feet.


Message History

d - a +0 blowgun Adjust to which letter? (? for menu, Esc to quit)
b - a +0 blowgun;
d - a +0 spear
Found a stone staircase leading down.
There is a stone staircase leading down here.
A rat comes into view.
You hit the rat.
You kill the rat!
You see here a rat corpse.
You butcher the rat corpse.
g - a chunk of flesh You see here a rat skeleton.
Found 19 sling bullets.
f - 2 bread rations {!e} (gained 1)
A giant cockroach comes into view.
You see here 19 sling bullets.
You closely miss the giant cockroach. The giant cockroach bites you.
The giant cockroach misses you.
Damage: 1 (max 1)
You hit the giant cockroach.
You kill the giant cockroach!
You see here a giant cockroach corpse.
You see here a giant cockroach corpse.
You butcher the giant cockroach corpse.
g - 2 chunks of flesh (gained 1)
You see here 19 sling bullets.
You see here 19 sling bullets.
h - 19 sling bullets HP restored.
A hobgoblin comes into view.
Found a hunting sling.
The hobgoblin shouts!
A bat comes into view.
You see here a slice of pizza.
You barely miss the hobgoblin. You claw the hobgoblin.
The hobgoblin is moderately wounded.
The hobgoblin hits you. The hobgoblin closely misses you.
Damage: 5 (max 5)
You closely miss the hobgoblin.
The hobgoblin is moderately wounded.
The hobgoblin barely misses you.
You hit the hobgoblin.
You claw the hobgoblin, but do no damage.
Your peck misses the hobgoblin.
The hobgoblin is heavily wounded.
The hobgoblin barely misses you.
You closely miss the hobgoblin. You claw the hobgoblin.
The hobgoblin is almost dead.
The hobgoblin hits you. x2
You die...

♣...♣#...>..#.#
#...##.######.#
♣...♣#.# #.#
#...##.# #.#
♣...♣#.######.#
#...##........#
#.<.#...#######
.#######.#.#
.....bg@.#...
#..)#.########
# #


You could see a hobgoblin and a bat.

Vanquished Creatures
  A giant cockroach (D:1)
  A rat (D:1)
2 creatures vanquished.

Notes
Turn   | Place    | Note
--------------------------------------------------------------
     0 | D:1      | Gorice, the Tengu Wanderer, began the quest for the Orb.
     0 | D:1      | Gorice set off with: a +2 mace, a +0 spear, 14 poisoned needles, a +0 blowgun, a +0 robe, a bread ration {!e}
     0 | D:1      | Reached XP level 1. HP: 12/12 MP: 2/2
    81 | D:1      | Slain by a hobgoblin

Action                   || total
-------------------------++-------
Melee: Mace              ||     7

Table legend:
 A = Turns spent in this place as a percentage of turns spent in the entire game.
 B = Non-inter-level travel turns spent in this place as a percentage of non-inter-level travel turns spent in the entire game.
 C = Inter-level travel turns spent in this place as a percentage of turns spent in this place.
 D = Turns resting spent in this place as a percentage of non-inter-level travel turns spent in this place.
 E = Turns spent auto-exploring this place as a percentage of non-inter-level travel turns spent in this place.
 F = Non-inter-level travel turns spent in this place divided by the number of levels of this place that you've seen.
                   A       B       C       D       E      F
               +-------+-------+-------+-------+-------+----------------------
         Total | 100.0 | 100.0 |   0.0 |   0.0 |   9.8 |  41.0
       Dungeon | 100.0 | 100.0 |   0.0 |   0.0 |   9.8 |  41.0
               +-------+-------+-------+-------+-------+----------------------

Vault maps used:
D:1:      minmay_arrival_plants_in_alcoves
